 Dungeon Crawl Stone Soup version 0.28.0-43-g3370ac3207 (console) character file.

Game seed: 7984200034128853383

369 Zeor the Chopper (level 6, -1/76 HPs)
             Began as a Palentonga Berserker on Mar 23, 2022.
             Was a Believer of Trog.
             Slain by a gnoll
             ... wielding a +0 halberd
              (13 damage)
             ... on level 4 of the Dungeon.
             The game lasted 00:10:04 (3394 turns).

Zeor the Chopper (Palentonga Berserker)             Turns: 3394, Time: 00:10:04

Health: -1/76      AC:  4    Str: 26    XL:     6   Next: 41%
Magic:  6/6        EV:  9    Int: 11    God:    Trog [**....]
Gold:   432        SH:  0    Dex:  9    Spells: 5/5 levels left

rFire   . . .      SeeInvis +   a - +6 lajatang {flame, Will+ Str+3 Int+4 Stlth+}
rCold   . . .      Faith    .   (shield currently unavailable)
rNeg    . . .      Spirit   .   j - +0 leather armour
rPois   .          Reflect  .   (no helmet)
rElec   .          Harm     .   (no cloak)
rCorr   .          Rampage  .   (no gloves)
Will    ++...                   (no barding)
Stlth   ..........              (no amulet)
HPRegen 0.22/turn               n - ring of willpower
MPRegen 0.10/turn               (no ring)

@: berserking, very quick
A: large, rugged brown scales 3, see invisible, deformed body, roll 1, armoured
tail
a: Rolling Charge, Renounce Religion, Berserk, Trog's Hand


You were on level 4 of the Dungeon.
You worshipped Trog.
Trog was pleased with you.
You visited 1 branch of the dungeon, and saw 4 of its levels.
You also visited: Ossuary.

You collected 432 gold pieces.

Inventory:

Hand Weapons
 a - the +6 lajatang of Sunlight (weapon) {flame, Will+ Str+3 Int+4 Stlth+}
   (You found it on level 3 of the Dungeon)

   It burns those it strikes, dealing additional fire damage.
   Big, fiery blades are also staple armaments of hydra-hunters.
   Str:       It affects your strength (+3).
   Int:       It affects your intelligence (+4).
   Will:      It increases your willpower.
   Stlth:     It makes you more stealthy.
 l - a +1 hand axe
Missiles
 d - 24 sling bullets
 e - 50 arrows
 f - 2 poisoned darts
Armour
 j - a +0 leather armour (worn)
Jewellery
 n - a ring of willpower (left hand)
Scrolls
 m - a scroll of silence {unknown}
 o - a scroll of amnesia {unknown}
 q - 2 scrolls of teleportation {unknown}
Potions
 b - a potion of mutation {unknown}
 c - 2 potions of curing
 g - a potion of degeneration {unknown}
 h - 2 potions of lignification
 i - a potion of heal wounds {unknown}
 k - 3 potions of might {unknown}
 p - 2 potions of berserk rage {unknown}
 r - a potion of cancellation {unknown}


   Skills:
 + Level 3.8 Fighting
 + Level 5.2 Axes
 * Level 2.9 Staves
 * Level 2.1 Armour
 + Level 2.3 Dodging
 - Level 0.3 Stealth


You had 5 spell levels left.
You didn't know any spells.
Your spell library was empty.

Dungeon Overview and Level Annotations

Branches:
Dungeon (4/15)            Ossuary (visited)
 Temple: D:4-7

Altars:
Nemelex Xobeh

Shops:
D:1 *?   D:3 [


Innate Abilities, Weirdness & Mutations

You are completely covered in rugged brown scales. (AC +3, +7% HP)
You have supernaturally acute eyesight. (SInv)
Armour fits poorly on your strangely shaped body.
You can roll at nearby foes to attack.
You have a long armoured tail.


Message History

You slice the lemure!! You burn the lemure.
You kill the lemure!
That felt strangely unrewarding.
The gnoll hits you with a +0 flail.
A red film seems to cover your vision as you go berserk!
You feel yourself moving faster!
You feel mighty! The gnoll hits you with a +0 flail.
You slash the gnoll! You burn the gnoll.
The gnoll is almost dead.
You slice the gnoll!! You burn the gnoll.
You kill the gnoll!
Trog accepts your kill.
You closely miss the lemure. You tail-slap the lemure.
The lemure is moderately wounded.
You barely miss the lemure.
The lemure is moderately wounded.
The lemure hits you.
The gnoll hits you from afar with a +0 halberd!
You are too injured to fight recklessly!
You are too injured to fight recklessly!
You slice the lemure!! You burn the lemure.
You feel the power of Trog in you as your rage grows.
You kill the lemure!
That felt strangely unrewarding.
The gnoll barely misses you.
You barely miss the gnoll. The gnoll hits you with a +0 club.
* * * LOW HITPOINT WARNING * * *
The gnoll barely misses you.
You closely miss the gnoll. You tail-slap the gnoll!
The gnoll is almost dead.
The gnoll misses you.
You barely miss the gnoll.
The gnoll is almost dead.
The gnoll closely misses you. The gnoll hits you with a +0 club.
* * * LOW HITPOINT WARNING * * *
You hit the gnoll. You burn the gnoll.
You kill the gnoll!
Trog accepts your kill.
The gnoll hits you from afar with a +0 halberd.
* * * LOW HITPOINT WARNING * * *
The gnoll hits you with a +0 halberd!
You die...

▒∙ ▒∙∙▒ ▒∙∙▒▒▒
▒▒∙∙∙∙ ∙∙∙∙▒▒▒ ▒
▒∙∙ ▒∙▒
▒∙▒∙▒▒▒▒∙▒▒▒H▒▒▒
▒∙∙∙∙∙<▒∙'∙g∙∙∙▒
▒∙∙∙∙▒∙∙∙▒▒▒[▒▒▒
▒▒∙∙∙∙∙∙∙∙∙▒∙▒
▒▒∙∙∙∙▒5∙∙▒▒▒∙∙
▒▒∙∙∙∙▒∙∙∙∙∙∙∙∙
▒∙∙∙∙∙gg▒▒∙∙▒▒▒
▒∙∙∙∙∙∙g∙▒▒∙▒
▒∙∙∙∙5∙∙g▒ ∙∙∙


You could see a gnoll.

Vanquished Creatures
  Sigmund (D:3)
  3 lemures (D:4)
  Terence (D:3)
  8 mummies (Ossuary)
  2 gnolls (D:4)
  An adder (D:2)
  A worm (D:2)
  2 dart slugs
  3 ball pythons (D:1)
  3 endoplasms
  3 giant cockroaches
  2 gnoll zombies (Ossuary)
  4 goblins (D:1)
  3 hobgoblins
  5 kobolds
  3 quokkas
  6 bats
  4 frilled lizards
  3 hobgoblin zombies (Ossuary)
  3 orc zombies (Ossuary)
  4 rats
65 creatures vanquished.

Notes
Turn   | Place    | Note
-------+----------+-------------------------------------------
     0 | D:1      | Zeor the Palentonga Berserker began the quest for the Orb.
     0 | D:1      | Reached XP level 1. HP: 19/19 MP: 1/1
    32 | D:1      | Found Xituc's Assorted Antiques.
   298 | D:1      | Found a faded altar of an unknown god.
   336 | D:1      | Reached XP level 2. HP: 18/25 MP: 2/2
   790 | D:1      | Reached ** piety under Trog
  1068 | D:1      | Found Nykia's Magic Scroll Shoppe.
  1086 | D:1      | Reached XP level 3. HP: 31/31 MP: 3/3
  1116 | D:1      | Noticed an ogre
  1253 | D:2      | Reached skill level 4 in Axes
  2202 | D:3      | Identified the +6 lajatang of Sunlight {flame, Will+ Str+3
                  | Int+4 Stlth+}
  2296 | D:3      | Noticed Sigmund
  2310 | D:3      | Killed Sigmund
  2311 | D:3      | Reached skill level 5 in Axes
  2311 | D:3      | Reached skill level 1 in Staves
  2311 | D:3      | Reached XP level 4. HP: 39/39 MP: 4/4
  2311 | D:3      | Reached XP level 5. HP: 44/44 MP: 5/5
  2362 | D:3      | Noticed Terence
  2364 | D:3      | Killed Terence
  2504 | D:3      | Found Biezedie's Antique Armour Boutique.
  2991 | D:4      | Found a sparkling altar of Nemelex Xobeh.
  2991 | D:4      | Noticed a lemure
  2991 | D:4      | Noticed a lemure
  2992 | D:4      | Noticed a lemure
  2992 | D:4      | Noticed a lemure
  3002 | D:4      | Found a sand-covered staircase.
  3007 | Ossuary  | Entered an ossuary
  3023 | Ossuary  | Reached XP level 6. HP: 33/51 MP: 6/6
  3394 | D:4      | Slain by a gnoll

Illustrated notes

Levels and vault maps discovered:
D:1:      evilmike_arrival_come_back, layout_loops_ring, serial_shops, shop,
          nicolae_shop_trees, hellmonk_ecumenical_altar_heavens_door,
          minmay_pentomino_p2
D:2:      layout_rooms, serial_park_tiny_2, mrwooster_statue_mirror,
          grunt_decor_one_mirror
D:3:      layout_loops_cross, serial_shops, nicolae_shop_window_shopping,
          serial_forest, infiniplex_forest_split, infiniplex_forest_zigzag_2,
          infiniplex_forest_end_3, infiniplex_forest_end_1,
          infiniplex_forest_end_2, infiniplex_forest_corner_1,
          infiniplex_forest_corner_2, infiniplex_forest_join,
          infiniplex_forest_straight_2, infiniplex_forest_lined_room_2,
          uniq_sigmund, uniq_terence
D:4:      layout_loops_ring, nemelex_xobeh_ov_fountains_minmay,
          nicolae_ossuary_entry_plus, minmay_a_box_with_orc_wizards_in_it,
          uniq_edmund, uniq_natasha, uniq_pikel, uniq_grinder

Skill      XL: |  1  2  3  4  5  6 |
---------------+-------------------+-----
Axes           | 5 |  5.2
Staves         | 1 2 |  2.9
Dodging        | 2 |  2.3
Armour         | 2 |  2.1
Fighting       | |  3.8
Stealth        | |  0.3

Action                   |  1- 3 |  4- 6 || total
-------------------------+-------+-------++-------
Melee: Hand axe          |   114 |       ||   114
       Tailslap          |    11 |     4 ||    15
       Lajatang          |     4 |    54 ||    58
Invok: Berserk           |       |     2 ||     2
       Trog's Hand       |       |     1 ||     1
 Abil: Rolling Charge    |     1 |     7 ||     8
  Use: Scroll            |     4 |     3 ||     7
Armor: Animal skin       |    39 |       ||    39
       Leather armour    |       |    14 ||    14
Dodge: Dodged            |    63 |    30 ||    93
